 Dungeon Crawl Stone Soup version 0.29.1-2-gbd0b4ee654 (webtiles) character file.

Game seed: 677259996769564092

340 GorkyZ the Trooper (level 6, -1/37 HPs)
             Began as a Gargoyle Gladiator on Nov 30, 2022.
             Slain by Edmund
             ... wielding a +4 vorpal flail
              (3 damage)
             ... on level 5 of the Dungeon.
             The game lasted 00:11:59 (3655 turns).

GorkyZ the Trooper (Gargoyle Gladiator)             Turns: 3655, Time: 00:11:59

Health: -1/37      AC: 12    Str: 20      XL:     6   Next: 56%
Magic:  6/6        EV: 11    Int:  8      God:
Gold:   147        SH:  4    Dex:  9 (11) Spells: 5/5 levels left

rFire   . . .      SeeInvis .   a - +0 war axe
rCold   . . .      Faith    .   B - +0 buckler
rNeg    + . .      Spirit   .   k - +0 troll leather armour
rPois   ∞          Reflect  .   c - +0 helmet
rElec   +          Harm     .   j - +0 cloak
rCorr   .          Rampage  .   (no gloves)
Will    .....                   n - +0 pair of boots
Stlth   +.........              (no amulet)
HPRegen 0.92/turn               (no ring)
MPRegen 0.10/turn               (no ring)

@: no status effects
A: sickness immunity, AC +4, negative energy resistance 1, electricity
resistance, torment resistance 1, petrification resistance
a: no special abilities


You were on level 5 of the Dungeon.
You visited 1 branch of the dungeon, and saw 5 of its levels.

You collected 195 gold pieces.
You spent 48 gold pieces at shops.

Inventory:

Hand Weapons
 a - a +0 war axe (weapon)
Missiles
 e - a javelin (quivered)
Armour
 b - a +0 leather armour
 c - a +0 helmet (worn)
 g - a +0 ring mail
 j - a +0 cloak (worn)
 k - a +0 troll leather armour (worn)
 n - a +0 pair of boots (worn)
 B - a +0 buckler (worn)
Jewellery
 h - a ring of wizardry
 q - a ring of willpower
 r - a +6 ring of strength
Wands
 z - a wand of flame (28)
Scrolls
 l - a scroll of immolation
 m - a scroll of noise
 s - a scroll of enchant weapon
 t - 2 scrolls of poison
 u - a scroll of fear
Potions
 i - a potion of cancellation
 o - a potion of lignification
 p - a potion of curing
 v - a potion of attraction
 x - 2 potions of flight
 A - a potion of resistance {unknown}
 C - 2 potions of degeneration {unknown}


   Skills:
 + Level 3.6 Fighting
 + Level 3.4 Axes
 + Level 2.7 Throwing
 + Level 2.2 Armour
 + Level 3.1 Dodging
 + Level 2.5 Shields
 + Level 1.7 Evocations


You had 5 spell levels left.
You didn't know any spells.
Your spell library contained the following spells:

 Spells                   Type           Power      Damage    Failure   Level
 Magic Dart               Conj           0%         1d3       56%         1
 Ensorcelled Hibernation  Hex/Ice        0%         N/A       71%         2
 Searing Ray              Conj           0%         2d4       71%         2
 Confusing Touch          Hex            0%         N/A       90%         3
 Spider Form              Tmut/Pois      0%         N/A       90%         3
 Anguish                  Hex/Necr       0%         N/A       100%        4
 Fulminant Prism          Conj/Hex       0%         3d6       100%        4
 Petrify                  Tmut/Erth      0%         N/A       100%        4
 Irradiate                Conj/Tmut      0%         3d11      100%        5
 Yara's Violent Unravell  Hex/Tmut       0%         3d3       100%        5
 Enfeeble                 Hex            0%         N/A       100%        7
 Sublimation of Blood     Necr           Unusable   N/A       N/A         2

Dungeon Overview and Level Annotations

Branches:
Dungeon (5/15)
 Temple: D:4-7

Altars:
Fedhas
Wu Jian

Shops:
D:3 ?

Annotations:
D:5 Edmund


Innate Abilities, Weirdness & Mutations

You are immune to sickness and miasma.
Your stone body is resilient. (AC +4)
You are immune to poison.
You resist negative energy. (rN+)
You are resistant to electric shocks. (rElec)
You are resistant to unholy torment.
You are immune to petrification.


Message History

Edmund struggles against the net.
You slash Edmund!
Edmund is moderately wounded.
Edmund struggles against the net.
The net rips apart, and Edmund comes free!
Edmund hits you but does no damage.
You hit Edmund but do no damage.
Edmund is moderately wounded.
Edmund hits you with a +4 vorpal flail!
You closely miss Edmund.
Edmund is moderately wounded.
You block Edmund's attack.
You completely miss Edmund.
Edmund is moderately wounded.
Edmund barely misses you. Edmund hits you with a +4 vorpal flail!
You slash Edmund!
Edmund is heavily wounded.
Edmund hits you with a +4 vorpal flail.
You completely miss Edmund.
Edmund is heavily wounded.
You block Edmund's attack. Edmund hits you with a +4 vorpal flail!
* * * LOW HITPOINT WARNING * * *
x2 You are too injured to fight recklessly!
Unknown command.
Throw: 2 throwing nets
Press: ? - help, Q - select action, (/) - cycle Shift-Dir - straight line, f/p - Edmund
Aim: Edmund, wielding a +4 vorpal flail and wearing a +2 scale mail of fire resistance (heavily wounded, 60% to hit)
You throw a throwing net. The throwing net closely misses Edmund.
Edmund barely misses you.
Throw: throwing net
Press: ? - help, Q - select action, (/) - cycle Shift-Dir - straight line, f/p - Edmund
Aim: Edmund, wielding a +4 vorpal flail and wearing a +2 scale mail of fire resistance (heavily wounded, 60% to hit)
You throw a throwing net. The throwing net closely misses Edmund.
You block Edmund's attack.
You feel better. You block Edmund's attack.
You hit Edmund.
Edmund is severely wounded.
Edmund hits you with a +4 vorpal flail!
* * * LOW HITPOINT WARNING * * *
You die...

#########+### .(..........#
............# ............#
............# .
............# ..
......@.....# ...
.......@....#######....
.....................).
.......................
############...........
#.........#...........
#.....#.........#...........
#.....#.........#.......####
#.....#.........'.......#
#### #...#
#...####'#.......#


You could see Edmund.

Vanquished Creatures
  A necrophage (D:4)
  A quasit (D:4)
  2 orc wizards (D:3)
  5 adders
  A shadow imp (D:4)
  A white imp (D:4)
  4 ufetubi (D:4)
  3 dart slugs
  5 orcs
  7 endoplasms
  3 giant cockroaches (D:1)
  11 goblins
  8 hobgoblins
  7 kobolds
  4 quokkas
  3 ball pythons
  7 bats
  6 frilled lizards
  4 rats
83 creatures vanquished.

Vanquished Creatures (collateral kills)
  An iguana (D:5)
1 creature vanquished.

Vanquished Creatures (others)
  2 demonic plants (D:4)
2 creatures vanquished.

Grand Total: 86 creatures vanquished

Notes
Turn   | Place    | Note
-------+----------+-------------------------------------------
     0 | D:1      | GorkyZ the Gargoyle Gladiator began the quest for the Orb.
     0 | D:1      | Reached XP level 1. HP: 12/12 MP: 1/1
    62 | D:1      | Reached XP level 2. HP: 5/17 MP: 2/2
   367 | D:1      | Reached skill level 1 in Shields
   430 | D:1      | Reached XP level 3. HP: 15/22 MP: 3/3
  1275 | D:2      | Reached skill level 1 in Armour
  1275 | D:2      | Reached XP level 4. HP: 27/27 MP: 4/4
  1283 | D:2      | Found a blossoming altar of Fedhas.
  1466 | D:2      | Reached skill level 1 in Evocations
  1529 | D:2      | Found a faded altar of an unknown god.
  1878 | D:3      | Found an ornate altar of the Wu Jian Council.
  1991 | D:3      | Reached XP level 5. HP: 32/32 MP: 5/5
  2520 | D:3      | Found Vayjilem's Magic Scroll Boutique.
  2525 | D:3      | Bought a scroll of identify for 24 gold pieces
  2525 | D:3      | Bought a scroll of identify for 24 gold pieces
  2847 | D:4      | Reached XP level 6. HP: 34/37 MP: 6/6
  3590 | D:5      | Entered Level 5 of the Dungeon
  3637 | D:5      | Noticed Edmund
  3655 | D:5      | Slain by Edmund

Illustrated notes

Levels and vault maps discovered:
D:1:      lightli_arrival_maybe_door_vault, layout_basic,
          hangedman_abyss_or_decor_stabs, dk_noncrumbling_4, nrook_loot_triangle
D:2:      kennysheep_big_flooded_room, layout_loops_ring, basic_altar,
          basic_ecumenical_altar, grunt_ministairs_9, dk_vineyard_3,
          columned_hall_lemuel, minmay_misc_feat_square, minmay_pentomino_s4
D:3:      layout_basic, mainiacjoe_overflow_concentric_impassable, serial_shops,
          shop_fountains
D:4:      wander_river, layout_cave_pods, serial_demonic, serial_demonic_g,
          serial_demonic_c, serial_demonic_f, serial_demonic_c,
          serial_demonic_e, minmay_goblin_outpost
D:5:      layout_gridville, uniq_edmund

Skill      XL: |  1  2  3  4  5 |
---------------+----------------+-----
Shields        | 1 2 |  2.5
Throwing       | 2 |  2.7
Armour         | 1 2 |  2.2
Axes           | 3 |  3.4
Evocations     | 1 |  1.7
Fighting       | 3 |  3.6
Dodging        | 3 |  3.1

Action                   |  1- 3 |  4- 6 || total
-------------------------+-------+-------++-------
Melee: War axe           |    72 |   203 ||   275
       Punch             |     1 |       ||     1
Throw: Throwing net      |       |     3 ||     3
Evoke: Wand              |       |     4 ||     4
  Use: Scroll            |       |    12 ||    12
       Potion            |       |     1 ||     1
Armor: Leather armour    |     5 |       ||     5
       Ring mail         |     7 |       ||     7
       Troll leather arm |    15 |   158 ||   173
Dodge: Dodged            |    56 |   263 ||   319
Block: Buckler           |       |    10 ||    10
